 Dungeon Crawl Stone Soup version 0.28-a0-445-g51f8dfeb47 (webtiles) character file.

Game seed: 3005779378802191674

5 Morbidden the Covered (level 1, 0/18 HPs)
             Began as a Demigod Fighter on Sept 13, 2021.
             Succumbed to a goblin's poison
             ... on level 1 of the Dungeon.
             The game lasted 00:00:13 (202 turns).

Morbidden the Covered (Demigod Fighter)              Turns: 202, Time: 00:00:13

Health: 0/18       AC:  6    Str: 17    XL:     1   Next: 53%
Magic:  3/3        EV:  9    Int: 10    God:
Gold:   0          SH:  4    Dex: 13    Spells: 0/0 levels left

rFire   . . .      SeeInvis .   a - +0 war axe
rCold   . . .      Faith    .   c - +0 buckler
rNeg    . . .      Spirit   .   b - +0 scale mail
rPois   .          Reflect  .   (no helmet)
rElec   .          Harm     .   (no cloak)
rCorr   .          Rampage  .   (no gloves)
Will    .....                   (no boots)
Stlth   ..........              (no amulet)
HPRegen 0.06/turn               (no ring)
MPRegen 0.08/turn               (no ring)

@: mighty, lethally poisoned (0 -> -1)
A: high mp 1, forlorn
a: no special abilities


You were on level 1 of the Dungeon.
You visited 1 branch of the dungeon, and saw 1 of its levels.

Inventory:

Hand Weapons
 a - a +0 war axe (weapon)
Armour
 b - a +0 scale mail (worn)
 c - a +0 buckler (worn)
Scrolls
 e - a scroll of silence {unknown}


   Skills:
 + Level 2.7 Fighting
 + Level 1.8 Axes
 + Level 2.9 Armour
 + Level 2.7 Shields


You couldn't memorise any spells.
You didn't know any spells.
Your spell library was empty.

Dungeon Overview and Level Annotations

Branches:
Dungeon (1/15)


Innate Abilities, Weirdness & Mutations

Your attributes grow dramatically as you level up.
You have an increased reservoir of magic. (+10% MP)
You shall have no god before yourself.


Message History

You block the giant cockroach's attack. The goblin barely misses you.
You closely miss the giant cockroach. You barely miss the goblin.
The giant cockroach waves its antennae.
The giant cockroach bites you but does no damage.
The goblin hits you but does no damage.
You are poisoned.
The giant cockroach closely misses you.
You hit the giant cockroach.
The giant cockroach is heavily wounded.
You closely miss the goblin.
You feel very sick. You block the giant cockroach's attack.
The goblin barely misses you. The giant cockroach bites you.
The goblin hits you but does no damage.
You are lethally poisoned!
Unknown command.
You feel sick.
You feel sick.
Okay, then.
You feel very mighty all of a sudden.
You feel sick. The giant cockroach closely misses you.
Unknown command.
You barely miss the giant cockroach.
The giant cockroach is heavily wounded.
* * * LOW HITPOINT WARNING * * *
You feel sick. The giant cockroach barely misses you.
The giant cockroach misses you.
Unknown command.
You closely miss the giant cockroach.
The giant cockroach is heavily wounded.
* * * LOW HITPOINT WARNING * * *
You feel sick. You block the giant cockroach's attack.
The giant cockroach bites you but does no damage.
Unknown command.
You slash the giant cockroach!
You kill the giant cockroach!
* * * LOW HITPOINT WARNING * * *
You feel sick.
You slash the goblin!
You kill the goblin!
You die...

...####.##.##.#######
#......†...........#
####......##.#####.#
##...#.##.#####.#
##.##..........#
#.##....####..#
#.###.### ##+# #.#
##...##@# ##.....#)#
#........#
..>............
...............
.........#.##..
#.......##.# .
##.....## .. ##...#
##


There were no monsters in sight!

Vanquished Creatures
  2 giant cockroaches (D:1)
  A hobgoblin (D:1)
  A kobold (D:1)
  A goblin (D:1)
5 creatures vanquished.

Notes
Turn   | Place    | Note
-------+----------+-------------------------------------------
     0 | D:1      | Morbidden the Demigod Fighter began the quest for the Orb.
     0 | D:1      | Reached XP level 1. HP: 18/18 MP: 3/3
   202 | D:1      | Succumbed to a goblin's poison

Illustrated notes

Levels and vault maps discovered:
D:1:      psy_arrival_basics, layout_loops_corners, serial_shops, shop,
          nicolae_shop_behind_doors, chequers_serial_rivers_micro_e,
          chequers_serial_rivers_micro_a, hex_tiny

Action                   || total
-------------------------++-------
Melee: War axe           ||    21
  Use: Potion            ||     1
Armor: Scale mail        ||    10
Dodge: Dodged            ||    12
Block: Buckler           ||     8

Table legend: (Time is in decaauts)
 A = Elapsed time spent in this place.
 B = Non-inter-level travel time spent in this place.
 C = Inter-level travel time spent in this place.
 D = Time resting spent in this place.
 E = Time spent auto-exploring this place.
 F = Levels seen in this place.
 G = Mean time per level.
                   A        B        C        D        E       F      G
               +--------+--------+--------+--------+--------+-----+--------+
         Total |    210 |    210 |      0 |      0 |    167 |   1 |  210.0 |
       Dungeon |    210 |    210 |      0 |      0 |    167 |   1 |  210.0 |
               +--------+--------+--------+--------+--------+-----+--------+

Top non-repeatable levels by time:
     D:1: 210 daAuts
